 Dungeon Crawl Stone Soup version 0.21.1-1-g345015fe64 (webtiles) character file.

156 Hercules1031 the Conjurer (level 5, 0/28 HPs)
             Began as a Tengu Conjurer on June 9, 2018.
             Killed from afar by an orc wizard (6 damage)
             ... with a magic dart
             ... on level 4 of the Dungeon.
             The game lasted 00:23:38 (2568 turns).

Hercules1031 the Conjurer (Tengu Conjurer)          Turns: 2568, Time: 00:23:38

Health: 0/28       AC:  3    Str:  9    XL:     5   Next: 38%
Magic:  10/10      EV: 13    Int: 16    God:
Gold:   119        SH:  0    Dex: 14    Spells: 4/10 levels left

rFire    . . .     SeeInvis .   n - +6 dagger (venom)
rCold    . . .     Gourm    .   (no shield)
rNeg     . . .     Faith    .   t - +1 robe {MR+}
rPois    .         Spirit   .   (helmet restricted)
rElec    .         Reflect  .   (no cloak)
rCorr    .         Harm     .   (no gloves)
MR       +....                  (boots unavailable)
Stlth    +.........             (no amulet)
HPRegen  0.09/turn              (no ring)
MPRegen  0.12/turn              (no ring)

@: confused, about to teleport
A: beak, talons 3, able to fly 1
a: Fly


You were on level 4 of the Dungeon.
You were full.

You visited 1 branch of the dungeon, and saw 4 of its levels.

You collected 119 gold pieces.

Inventory:

Hand Weapons
 f - a +0 short sword
 j - a +0 short sword
 k - a -3 dagger
 m - a +0 whip
 n - a +6 dagger of venom (weapon)
 w - a +1 dagger of venom
Missiles
 d - 6 needles of frenzy
 r - 5 tomahawks (quivered)
Armour
 a - a +0 robe
 g - a +0 ring mail
 i - a +0 leather armour
 l - a +0 ring mail
 q - a +0 leather armour
 t - a +1 robe of magic resistance (worn)
 u - a cursed -2 naga barding
Jewellery
 e - an uncursed amulet of faith {unknown}
 y - an uncursed ring of positive energy {unknown}
Scrolls
 o - 3 scrolls of remove curse
 s - a scroll of teleportation
Potions
 p - a potion of brilliance {unknown}
 v - a potion of degeneration {unknown}
 x - a potion of curing {unknown}
Books
 b - a book of Conjurations

   Spells                             Type                      Level
   a - Magic Dart                     Conjuration                  1
   b - Searing Ray                    Conjuration                  2
   c - Dazzling Spray                 Conjuration/Hexes            3
   d - Fulminant Prism                Conjuration/Hexes            4
   e - Force Lance                    Conjuration/Translocation    4
   f - Iskenderun's Mystic Blast      Conjuration                  4
Comestibles
 c - a ration


   Skills:
 * Level 0.5 Fighting
 * Level 1.4 Short Blades
 * Level 1.0 Armour
 + Level 2.4 Dodging
 + Level 2.2 Stealth
 * Level 3.2 Spellcasting
 * Level 6.7 Conjurations


You had 4 spell levels left.
You knew the following spells:

 Your Spells              Type           Power        Failure   Level  Hunger
a - Magic Dart            Conj           ###.         1%          1    None
b - Searing Ray           Conj           ###...       1%          2    ##.....
c - Dazzling Spray        Conj/Hex       ##....       14%         3    ###....


Dungeon Overview and Level Annotations

Branches:
Dungeon (4/15)
 Temple: D:4-7

Altars:
Ashenzari

Shops:
D:4 :


Innate Abilities, Weirdness & Mutations

You have a beak for a mouth.
You have claws for feet.
You can fly.


Message History

Press: ? - help, Shift-Dir - straight line, f - orc wizard
Aim: an orc wizard, wielding a dagger and wearing a robe The magic dart hits the orc wizard.
The orc wizard is lightly wounded.
The orc wizard barely misses you.
You hit the orc wizard.
The orc wizard is poisoned.
The orc wizard is moderately wounded.
The orc wizard casts a spell at you. The magic dart hits you!
Okay, then.
As you read the scroll of teleportation, it crumbles to dust.
You feel strangely unstable.
The orc wizard gestures wildly while chanting.
The orc wizard blinks!
Something hits you!
* * * LOW HITPOINT WARNING * * *
You are confused.
You feel invigorated.
The orc wizard gestures at you while chanting.
The magic dart hits you!
You die...

.###.........o....
.........)......##
####.........##..#
#.........###..
####o.##.## ###
######## ##.##..#
#......#####.....##
#......##..o...###
#......@{.o.####
#.......ยง####
#....o.### #......#
#......# #......#
#......# ########


You could see 2 orc wizards and an orc.

Vanquished Creatures
  A howler monkey (D:4)
  4 adders
  An adder skeleton (D:4)
  A worm (D:3)
  3 dart slugs
  An orc (D:3)
  3 giant cockroaches
  6 hobgoblins
  2 jackals (D:1)
  14 kobolds
  5 quokkas
  4 bats
  3 frilled lizards
  12 goblins
  8 rats
  A plant (D:1)
69 creatures vanquished.

Notes
Turn   | Place    | Note
-------+----------+-------------------------------------------
     0 | D:1      | Hercules1031 the Tengu Conjurer began the quest for the Orb.
     0 | D:1      | Reached XP level 1. HP: 10/10 MP: 4/4
   138 | D:1      | Reached XP level 2. HP: 15/15 MP: 0/6
   504 | D:1      | Learned a level 2 spell: Searing Ray
   565 | D:1      | Reached XP level 3. HP: 19/19 MP: 2/7
   821 | D:1      | Reached skill level 1 in Short Blades
  1255 | D:2      | Reached skill level 6 in Conjurations
  1261 | D:2      | Learned a level 3 spell: Dazzling Spray
  1807 | D:3      | Reached XP level 4. HP: 24/24 MP: 5/9
  1885 | D:3      | Found a shattered altar of Ashenzari.
  2268 | D:4      | Reached skill level 1 in Armour
  2268 | D:4      | Gained mutation: You can fly. [Tengu growth]
  2268 | D:4      | Reached XP level 5. HP: 23/28 MP: 2/10
  2343 | D:4      | Found Gefeext's Book Shoppe.
  2568 | D:4      | Killed from afar by an orc wizard

Skill      XL: |  1  2  3  4 |
---------------+-------------+-----
Short Blades   | 1 |  1.4
Conjurations   | 6 |  6.7
Armour         | 1 |  1.0
Spellcasting   | 3 |  3.2
Fighting       | |  0.5
Dodging        | |  2.4
Stealth        | |  2.2

Action                   |  1- 3 |  4- 6 || total
-------------------------+-------+-------++-------
Melee: Kick              |    35 |     3 ||    38
       Unarmed           |     3 |       ||     3
       Short sword       |    97 |       ||    97
       Peck              |    33 |     2 ||    35
       Dagger            |     3 |    15 ||    18
 Cast: Magic Dart        |    58 |    53 ||   111
       Searing Ray       |       |     2 ||     2
  Use: Scroll            |     5 |     6 ||    11
       Potion            |       |     5 ||     5
  Eat: Ration            |     3 |       ||     3
Armor: Robe              |     5 |       ||     5
Dodge: Dodged            |    35 |    16 ||    51
